Cogmind - Beta 15 @@@ ROGUE MODE // 2025.08.26 @ 22:04:55 Player: Nighteyes Result: Destroyed by Y-45 Defender with Heavy Assault Rifle Performance ------------- Evolutions (1) 500 Regions Visited (3) 600 Robots Destroyed (16) 80 Value Destroyed (298) 298 Prototype IDs (2) 40 Alien Tech Used (0) 0 Bonus (0) 0 TOTAL SCORE: 1518 Bonus ------- None Cogmind --------- Core Integrity 0/400 Matter 300/300 Energy 350/350 System Corruption 0% Temperature Cool (1) Movement Flying (40) Location -9/Storage Parts ------- > --- POWER (2) -------- (None) > --- PROPULSION (2) --- Improved Flight Unit > --- UTILITY (3) ------ High-capacity Battery Seismic Detector > --- WEAPON (2) ------- (None) > --- INVENTORY (5) ---- (None) Peak State ------------ > --- POWER ------------ Ion Engine Light Ion Engine > --- PROPULSION ------- Aluminum Leg Aluminum Leg > --- UTILITY ---------- Small Storage Unit Sensor Array Power Shielding > --- WEAPON ----------- Small Laser Beam Rifle > --- INVENTORY -------- Light Ion Engine Improved Ion Engine High-capacity Battery Seismic Detector Light Armor Plating Light Armor Plating [Rating: 10] Favorites ----------- Power Ion Engine Engine Ion Engine Propulsion Aluminum Leg Treads Light Treads Leg Aluminum Leg Flight Unit Improved Flight Unit Utility Small Storage Unit Device Sensor Array Storage Small Storage Unit Protection Power Shielding Weapon EM Pulse Gun Energy Gun EM Pulse Gun Build | -11 -10 -9 -9 ------- Run | Yrd Mat Mat Sto Slots Evolved 2 | . . 2 . Power 1 | . . 1 . Propulsion . | . . . . Utility 1 | . . 1 . Weapon . | . . . . Parts Attached 20 | 6 2 2 10 Power 6 | 1 1 . 4 Engine 6 | 1 1 . 4 Core . | . . . . Reactor . | . . . . Propulsion 4 | 2 . . 2 Treads 1 | . . . 1 Leg 2 | 2 . . . Wheel . | . . . . Hover . | . . . . Flight 1 | . . . 1 Utility 6 | 1 1 1 3 Device 2 | . 1 . 1 Storage 2 | 1 . . 1 Processor . | . . . . Hackware . | . . . . Protection 2 | . . 1 1 Artifact . | . . . . Weapon 4 | 2 . 1 1 Energy Gun 4 | 2 . 1 1 Energy Cannon . | . . . . Ballistic Gun . | . . . . Ballistic Cannon . | . . . . Launcher . | . . . . Special Weapon . | . . . . Impact Weapon . | . . . . Slashing Weapon . | . . . . Piercing Weapon . | . . . . Special Melee Weapon . | . . . . Unidentified Prototypes 2 | . . . 2 Parts Lost 13 | . 1 2 10 Power 5 | . 1 . 4 Propulsion 2 | . . . 2 Utility 3 | . . . 3 Weapon 3 | . . 2 1 Highest Loss Streak 10 | . 1 2 10 To Critical Strikes . | . . . . Average Backups 3 | 1 2 4 4 Power 1 | . 1 2 1 Propulsion . | . . . . Utility 1 | . . 2 2 Weapon . | . 1 . . Tool/Special . | . . . . Unused Backups 1 | . . . 1 Power . | . . . . Propulsion . | . . . . Utility 1 | . . . 1 Weapon . | . . . . Tool/Special . | . . . . Average Slot Usage (%) 90 | . 98 85 85 Engine 16 | . 13 11 19 Leg 22 | . 28 22 17 Device 11 | . 12 8 10 Storage 9 | . 14 11 5 Protection 8 | . . 11 14 Energy Gun 20 | . 28 22 14 Peak Build Rating 10 | 6 7 8 10 Average Rating 7 | 5 6 7 8 On Entrance 5 | . 6 7 7 Naked Turns . | . . . . Heaviest Build 17 | 14 15 14 17 Greatest Support 20 | 20 20 20 20 Greatest Overweight (x) 4 | 1 . . 4 Average Overweight (x) . | . . . . Largest Inventory Capacity 8 | 8 8 8 8 Average Capacity 7 | 7 8 8 6 Most Carried 7 | 4 4 6 7 Average Carried 3 | 1 2 5 4 Final Capacity 8 | 8 8 8 5 Final Carried 5 | 2 4 5 . Class Distribution -------------------- 100% | Mutant Dominant Class ---------------- Mutant | -10/Materials Mutant | -9/Materials Mutant | -9/Storage Resources | -11 -10 -9 -9 ----------- Run | Yrd Mat Mat Sto Matter Collected 395 | 244 31 . 120 Remotely . | . . . . Salvage Created 453 | . 350 . 103 Parts 36 | . 32 . 4 Haulers Intercepted . | . . . . Recyclers Shooed 1 | . 1 . . Parts Field Recycled . | . . . . Retrieved Matter . | . . . . Parts Self-Destructed . | . . . . Prevented . | . . . . Kills | -11 -10 -9 -9 ------- Run | Yrd Mat Mat Sto Combat Hostiles Destroyed 13 | . 11 . 2 Guns 11 | . 9 . 2 AOE 2 | . 2 . . Classes Destroyed 6 | . 5 . 1 Recycler 1 | . 1 . . Operator 1 | . 1 . . Watcher 1 | . 1 . . Swarmer 9 | . 9 . . Grunt 3 | . 2 . 1 Sentry 1 | . . . 1 Best Kill Streak 6 | . 6 . 1 Combat Bots Only 6 | . 6 . 1 Max Kills in Single Turn 2 | . 2 . 1 Gunslinging 1 | . 1 . . Exploded 1 | . 1 . . Melee . | . . . . Uniques/NPCs Destroyed . | . . . . Combat | -11 -10 -9 -9 -------- Run | Yrd Mat Mat Sto Hostile Shots Fired 122 | . 32 17 73 Missed 34 | . 11 7 16 Hits 88 | . 21 10 57 Melee 21 | . . . 21 Projectile 67 | . 21 10 36 Critical Strikes 5 | . . . 5 Damage Taken 1542 | . 270 104 1168 Core 447 | . 32 11 404 Absorbed by Shields . | . . . . Redirected to Shielding 50 | . . 6 44 Regen/Repaired (Parts) 92 | . . 17 75 Core Remaining (%) 93 | 100 87 . . Volleys Fired 31 | . 19 2 10 Largest 2 | . 2 2 2 Hottest 96 | . 80 80 96 Shots Fired 57 | . 38 4 15 Gun 57 | . 38 4 15 Cannon . | . . . . Launcher . | . . . . Special . | . . . . Kinetic . | . . . . Thermal 17 | . . 2 15 Explosive . | . . . . Electromagnetic 40 | . 38 2 . Robot Hit Streak 12 | . 4 1 12 Robot Miss Streak 3 | . 2 3 1 Penetration Max . | . . . . Secondary Targets 2 | . 2 . . Max Gunslinging Chain 1 | . 1 . . Shots Hit Robots 35 | . 21 1 13 Core Hits 23 | . 14 . 9 Critical Kills . | . . . . Critical Parts Destroyed . | . . . . Critical Strikes . | . . . . Melee Attacks . | . . . . Impact . | . . . . Slashing . | . . . . Piercing . | . . . . Sneak Attacks . | . . . . Combat Hostiles . | . . . . Follow-up Attacks . | . . . . Damage Inflicted 663 | . 448 27 188 Guns 455 | . 249 27 179 Cannons . | . . . . Explosions 199 | . 199 . . Melee . | . . . . Ramming 9 | . . . 9 Kinetic . | . . . . Thermal 390 | . 199 12 179 Explosive . | . . . . Electromagnetic 264 | . 249 15 . Impact . | . . . . Slashing . | . . . . Piercing . | . . . . Highest Corruption . | . . . . Average Corruption . | . . . . Corruption Purged . | . . . . Corruption Blocked . | . . . . Overload Shots . | . . . . Overflow Damage 128 | . 128 . . Projectiles . | . . . . Explosions 128 | . 128 . . Melee . | . . . . Knockbacks . | . . . . Impact . | . . . . Kinetic . | . . . . Secondary . | . . . . Self-Inflicted Damage 103 | . 99 . 4 Shots 1 | . 1 . . Rammed 3 | . . . 3 Targets Rammed 3 | . . . 3 Kicked . | . . . . Crushed . | . . . . Highest Temperature 350 | . 144 48 350 Average Temperature 90 | . 46 26 174 Received Heat Transfer 324 | . 6 60 258 Effects 2 | . . . 2 Shutdowns 1 | . . . 1 Energy Bleed 1 | . . . 1 Siege Activations . | . . . . Martial Activations . | . . . . Shielding Activations . | . . . . Robots Disrupted . | . . . . Combat Hostiles . | . . . . Robots Corrupted . | . . . . Combat Hostiles . | . . . . Parts Fried 1 | . 1 . . Impact Corruptions . | . . . . Robots Melted . | . . . . Combat Hostiles . | . . . . Parts Melted 1 | . 1 . . Heat Transferred 631 | . 250 25 356 Parts Sabotaged . | . . . . Parts Stolen . | . . . . Parts Stripped . | . . . . Power Chain Reactions 2 | . 2 . . Alert | -11 -10 -9 -9 ------- Run | Yrd Mat Mat Sto Maximum Alert Level . | . . . . Low Security (%) 100 | 100 100 100 100 Level 1 . | . . . . Level 2 . | . . . . Level 3 . | . . . . Level 4 . | . . . . Level 5 . | . . . . High Security . | . . . . Max Security . | . . . . Peak Influence 175 | . 175 59 60 Initial 59 | . . 59 1 Average 38 | . 115 30 8 Influence Increases 458 | . 333 15 110 Destroy 0b10 Robot/C 260 | . 220 . 40 Destroy 0b10 Robot/NC 15 | . 15 . . Destroy Leader 52 | . 32 . 20 Successful Hack 9 | . 4 . 5 Disable Machine 15 | . 15 . . Destroy Structure 32 | . 32 . . Lose Combat Pursuer 75 | . 15 15 45 Influence Decreases 443 | . 190 153 100 Entered New Map 88 | . . 84 4 Time Decay 296 | . 180 50 66 Lost Part 59 | . 10 19 30 Squads Dispatched 4 | . 1 1 2 Investigation 1 | . . 1 . Extermination . | . . . . Reinforcement 1 | . 1 . . Assault 2 | . . . 2 Garrison . | . . . . Intercept . | . . . . Searches Triggered . | . . . . Construction Impeded . | . . . . Haulers Reinforced . | . . . . Active Scanning Responses . | . . . . Cargo Convoy Interrupts . | . . . . Stealth | -11 -10 -9 -9 --------- Run | Yrd Mat Mat Sto Distress Signals 3 | . 3 . . Communications Jammed . | . . . . Distress Signals . | . . . . Times Spotted 37 | . 14 7 16 Peak Tracking Total 10 | . 4 8 10 Tactical Retreats 4 | . 1 1 2 Traps | -11 -10 -9 -9 ------- Run | Yrd Mat Mat Sto Traps Triggered 1 | . . 1 . Indirectly . | . . . . Trap Hack Attempts . | . . . . Triggered . | . . . . Disarmed . | . . . . Reprogrammed . | . . . . Reused . | . . . . Traps Extracted . | . . . . Installed . | . . . . Triggered . | . . . . Machines | -11 -10 -9 -9 ---------- Run | Yrd Mat Mat Sto Machines Disabled 1 | . 1 . . Max in Single Turn 1 | . 1 . . Machines Repaired . | . . . . Machines Dismantled . | . . . . Machines Sabotaged . | . . . . Overloaded Fab Kills . | . . . . Hacking | -11 -10 -9 -9 --------- Run | Yrd Mat Mat Sto Machines Accessed 5 | . 2 1 2 Terminals 2 | . 2 . . Fabricators . | . . . . Repair Stations 2 | . . 1 1 Recycling Units 1 | . . . 1 Scanalyzers . | . . . . Garrison Access . | . . . . Total Hacks 8 | . 3 2 3 Successful 7 | . 2 2 3 Failed 1 | . 1 . . Catastrophic . | . . . . Database Lockouts . | . . . . Manual . | . . . . Terminals 3 | . 3 . . Fabricators . | . . . . Repair Stations 4 | . . 2 2 Recycling Units 1 | . . . 1 Scanalyzers . | . . . . Garrison Access . | . . . . Terminal Hacks 2 | . 2 . . Record 1 | . 1 . . Locate Traps 1 | . 1 . . Fabricator Hacks . | . . . . Repair Station Hacks 4 | . . 2 2 Scan Component 2 | . . 1 1 Repair 2 | . . 1 1 Recycling Unit Hacks 1 | . . . 1 Report Inventory 1 | . . . 1 Scanalyzer . | . . . . Garrison Access Hacks . | . . . . Unauthorized Hacks . | . . . . Terminals . | . . . . Fabricators . | . . . . Repair Stations . | . . . . Recycling Units . | . . . . Scanalyzers . | . . . . Garrison Access . | . . . . Data Cores Recovered 1 | . 1 . . Used . | . . . . Hacking Detections 1 | . . 1 . Full Trace Events . | . . . . Feedback Events . | . . . . Feedback Blocked . | . . . . Robot Schematics Acquired . | . . . . Robots Built . | . . . . Authchips . | . . . . Time . | . . . . Total Robot Build Rating . | . . . . Part Schematics Acquired . | . . . . Parts Built . | . . . . Authchips . | . . . . Time . | . . . . Total Part Build Rating . | . . . . Parts Repaired 2 | . . 1 1 Time 52 | . . 26 26 Parts Recycled . | . . . . Recycled Matter . | . . . . Retrieved Matter . | . . . . Retrieved Components . | . . . . Parts Scanalyzed . | . . . . Part Schematics Acquired . | . . . . Parts Damaged . | . . . . Bothacking | -11 -10 -9 -9 ------------ Run | Yrd Mat Mat Sto Used RIF Installer . | . . . . Robots Hacked . | . . . . Non-combat . | . . . . Combat . | . . . . Robot Hacks Applied . | . . . . Relay Couplers Released . | . . . . Fabnet Peak Effective % . | . . . . Robots Rewired . | . . . . Allies Hacked . | . . . . Hacks Repelled . | . . . . Allies | -11 -10 -9 -9 -------- Run | Yrd Mat Mat Sto Total Allies 2 | . . . 2 Largest Group 2 | . . . 2 Highest-Rated Group 62 | . . . 62 Highest-Rated Ally 31 | . . . 31 Total Orders . | . . . . Ally Attacks 7 | . . . 7 Total Damage 107 | . . . 107 Kills . | . . . . Allies Corrupted . | . . . . Allies Melted . | . . . . Intel | -11 -10 -9 -9 ------- Run | Yrd Mat Mat Sto Active Infowar (turns) 931 | . 359 106 466 Sensors 879 | . 359 106 414 Seismic 52 | . . . 52 Robot Analysis Total . | . . . . Derelict Logs Recovered . | . . . . Drone Launches . | . . . . Drone Recoveries . | . . . . Exploration | -11 -10 -9 -9 ------------- Run | Yrd Mat Mat Sto Turns Passed 1362 | 379 380 133 470 Spaces Moved 676 | 100 205 76 295 Core 19 | 13 . . 6 Treads . | . . . . Legs 574 | 87 205 76 206 Wheels . | . . . . Hover . | . . . . Flight 83 | . . . 83 Fastest Speed 40 | 50 120 120 40 Average Speed 110 | 114 120 120 100 Slowest Speed 250 | 120 120 120 250 Overloaded Moves . | . . . . Propulsion Burnouts . | . . . . Robots Hopped 2 | . . . 2 Potential Cave-ins . | . . . . Cave-ins Triggered . | . . . . Exploration Rate (%) 20 | 7 30 11 35 Regions Visited 3 Branch Regions 1 Pre-discovered Areas . | . . . . Known Exits Taken . | . . . . Unknown Exits Taken 3 | 1 1 1 . Scrap Searched . | . . . . Spaces Dug . | . . . . Terrain Destroyed 39 | . 39 . . Melee . | . . . . Projectile . | . . . . AOE 39 | . 39 . . Terrain Rammed . | . . . . Walls Destroyed . | . . . . Machines Disabled . | . . . . Actions | -11 -10 -9 -9 --------- Run | Yrd Mat Mat Sto Total 1231 | 364 301 114 452 Wait 480 | 251 72 30 127 Move 669 | 99 204 75 291 Hop 2 | . . . 2 Pick Up 23 | 8 4 4 7 Fast Attach . | . . . . Attach 22 | 6 2 3 11 Detach . | . . . . Swap . | . . . . Drop 1 | . . . 1 Fire 31 | . 19 2 10 Melee . | . . . . Ram 3 | . . . 3 Kick . | . . . . Crush . | . . . . Escape Stasis . | . . . . Rewire . | . . . . Trap . | . . . . Miscellaneous . | . . . . Route ------- -11/Scrapyard -10/Materials (discovered 3 exits: *Mat / [*Min] / [*Sub]) -9/Materials -9/Storage History --------- Turn | Location | Event 16 | -11/Scrapyard | Discovered new exit (range 15) 380 | -11/Scrapyard | Entered Materials 381 | -10/Materials | Build established: Mutant 463 | -10/Materials | Discovered new exit (range 11) 470 | -10/Materials | Discovered new exit (range 16) 551 | -10/Materials | Discovered new exit (range 12) 760 | -10/Materials | Entered another Materials area 760 | -9/Materials | Evolved 2 slots: Power x1, Utility x1 825 | -9/Materials | Repaired Sensor Array 851 | -9/Materials | Discovered new exit (range 8) 893 | -9/Materials | Entered Storage 995 | -9/Storage | Repaired Aluminum Leg 1166 | -9/Storage | Met a pair of Derelict thieves 1311 | -9/Storage | Core integrity fell below 50% 1316 | -9/Storage | Core integrity fell below 20% 1345 | -9/Storage | Lost 10 parts (4p2n3u1w) 1363 | -9/Storage | Destroyed by Y-45 Defender with Heavy Assault Rifle Last Messages --------------- Power Shielding destroyed. Sml. Laser destroyed. Extracted 10 matter. Ion Engine destroyed. Lgt. Treads destroyed. Imp. Ion Engine destroyed. Slammed into L-31 Rogue. Lgt. Ion Engine destroyed. Overheating: Energy bleed (-42). Slammed into L-31 Rogue. Slammed into I-25 Savior. K-01 Serf collects debris. Acquired Prototype Engine. Identified Hvy. Ion Engine. K-01 Serf collects debris. Acquired Prototype Flight Unit. Identified Imp. Flight Unit. Hvy. Ion Engine severed. K-01 Serf collects debris. Acquired 20 matter. Map ----- +----------------------------------------------------+ | ????????# "" !! ## #???# #???????? | | ????????# "Y !! ## #???# #???????? | | ????????# "" !! ## #???# #???????? | | ????????# ## #???# #???????? | | ????????# ## #???# #???????? | | ????????# ## #???# +???????? | | ????????# ## #???# #???????? | | ????????#####T######+##+######???# ^ ##??????? | | ????????????###????# #????????# ######## | | ???????????????????# #????????# ^ | | ???????????????????# ########## ^ ^ | | ???????????????????# ^ | | ???????????????????# " " """ | | ????????????????#### "R" """ | | ????????????????" # """ """ | | ????????????????" + | | ????????????????" # | | ????????????????#T#### #####################+## | | ????????????????##???# #????????????????# | | ?????????????????????#r#????????????????# | | ?????????????#########u#????????????????# | | ??????????# ! k #????????????????# | | ??????????# """a""" #????????????????# | | ????????????? """ """ #????????????????# | | ??????????# """ """ #????????????????# | | ?????????#Y @#????????????????# | | ?????????????####+######????????????????# | | ????????????????????????????????????????# | | ????????????????????????????????????????# | | ????????????????????????????????????????####### | | ??????????????????????????????????????????????? | | ??????????????????????????????????????????????? | | ??????????????????????????????????????????????? | | ??????????????????????????????????????????????? | | ??????????????????????????????????????????????? | | ??????????????????????????????????????????????? | | ??????????????????????????????????????????????? | | ??????????????????????????????????????????????? | | ??????????????????????????????????????????????? | | ??????????????????????????????????????????????? | | ??????????????????????????????????????????????? | | ??????????????????????????????????????????????? | | ??????????????????????????????????????????????? | | ??????????????????????????????????????????????? | | ??????????????????????????????????????????????? | | ??????????????????????????????????????????????? | | ??????????????????????????????????????????????? | | ??????????????????????????????????????????????? | | ??????????????????????????????????????????????? | | ??????????????????????????????????????????????? | +----------------------------------------------------+ Best States ------------- Heat Dissipation 28 Energy Generation 15 Energy Capacity 530 Matter Stores 300 Matter Capacity 300 Sight Range 16 Robot Scan Range 14 Terrain Scan Density 10 Armor Coverage 150 Power Shielding 33 Evasion (%) 62 Recoil Reduction 1 Item Schematics ----------------- None Robot Schematics ------------------ None Fabricated ------------ Nothing Repaired ---------- Sensor Array | 15% | -9/Materials Aluminum Leg | 16% | -9/Storage Alien Tech Used ----------------- None Achievements -------------- None Challenges ------------ None Game ------ Seed DrainedTrackerRegenerator Manual? 0 Play Time 00:18:14 Cumulative 2.0 hours Start 2025.08.26 @ 21:47:52 End 2025.08.26 @ 22:04:55 Sessions 1 Manual Loads 0 Difficulty Rogue Special Mode None Game No. 4 Rogue 4 Adventurer 0 Explorer 0 Win Type - Total 0 Types 0/0/0/0/0/0/0/0/0/0 Lore% 0 Gallery% 4 Achievement% 6 Wizard Run 0 Options --------- Layout 0 ASCII 0 Keyboard 0 Movement Numpad Keybinds 0 Fullscreen 1 Font 16/SmallcapsGlow Map View 37x27 Zoom Use 99% Tactical HUD 0 Map Filters NONE Filters NONE Steam 1 RUN: 95c6f205-7ee0-4cee-a6a1-0bb1d39839b2